Map: Whirlwind LE (Void)

Players

Fropez - Winner!

  • Race: Protoss Protoss
  • League: Gold
  • Spawn Location: 5:00

Flanksteak

  • Race: Protoss Protoss
  • League: Gold
  • Spawn Location: 11:00

VOD

Have the link to the VOD?

Description

Time

  • Played on: Dec. 4, 2016, 6:18 p.m.
  • Length: 10:11
Show
View Real Time Build Order
Export as new Build Order

Fropez Protoss - Winner!

Build Orders:  

Get SALT Encoding   

  12  0:01  Probe (Chrono Boost)  
  13  0:14  Pylon  
  13  0:17  Probe (Chrono Boost)  
  14  0:27  Probe (Chrono Boost)  
  15  0:28  Assimilator  
  15  0:43  Gateway  
  15  0:45  Probe (Chrono Boost)  
  16  0:55  Probe (Chrono Boost)  
  17  1:03  Pylon  
  17  1:08  Probe (Chrono Boost)  
  17  1:09  Assimilator  
  19  1:18  Probe (Chrono Boost)  
  19  1:29  Probe (Chrono Boost)  
  19  1:30  Cybernetics Core  
  20  1:39  Probe (Chrono Boost)  
  21  1:46  Pylon  
  21  1:50  Probe (Chrono Boost)  
  22  1:55  Pylon  
  23  2:06  Mothership Core (Chrono Boost)  
  23  2:29  Nexus  
  23  2:30  Warp Gate (Chrono Boost)  
  23  2:42  Pylon  
  23  2:43  Pylon  
  23  2:49  Pylon  
  23  3:07  Stalker  
  23  3:11  Probe  
  25  3:14  Stargate  
  26  3:22  Probe  
  27  3:51  Pylon  
  27  3:56  Pylon  
  27  3:59  Pylon  
  27  4:06  Oracle  
  30  4:16  Probe x2, Gateway  
  30  4:19  Gateway  
  30  4:22  Gateway  
  29  4:40  Probe  
  29  4:42  Mothership Core  
  32  4:50  Oracle  
  35  4:52  Probe  
  35  4:56  Protoss Air Weapons Level 1 (Chrono Boost)  
  36  5:01  Probe  
  37  5:09  Pylon  
  37  5:11  Stalker  
  37  5:45  Stalker  
  37  5:48  Assimilator  
  39  5:57  Void Ray  
  43  6:08  Forge  
  43  6:10  Pylon  
  43  6:34  Stalker x4  
  51  6:44  Probe  
  51  6:45  Probe  
  47  7:45  Stalker  
  47  7:46  Probe, Stalker x3  
  47  7:48  Probe  
  57  7:57  Probe  
  57  8:00  Probe  
  57  8:04  Protoss Ground Weapons Level 1 (Chrono Boost)  
  59  8:07  Nexus  
  59  8:10  Assimilator  
  59  8:15  Assimilator  
  59  8:17  Pylon  
  59  8:21  Pylon  
  56  8:45  Stalker x4  
  64  8:55  Probe  
  64  8:56  Probe  
  64  8:58  Void Ray  
  70  9:08  Probe  
  68  9:25  Stalker  
  68  9:26  Stalker x3  
  64  9:53  Probe x2  
  64  9:55  Probe  
  74  10:07  Stalker x2  
  74  10:08  Stalker x2  
Show
View Real Time Build Order
Export as new Build Order

Flanksteak Protoss 

Build Orders: 1 Gate Expand 

Get SALT Encoding   

  12  0:01  Probe (Chrono Boost)  
  13  0:12  Probe (Chrono Boost)  
  14  0:18  Pylon  
  14  0:24  Probe (Chrono Boost)  
  15  0:36  Gateway  
  15  0:39  Probe (Chrono Boost)  
  16  0:48  Assimilator  
  16  0:49  Probe (Chrono Boost)  
  17  1:00  Probe (Chrono Boost)  
  18  1:11  Probe (Chrono Boost)  
  19  1:21  Probe (Chrono Boost)  
  20  1:32  Probe (Chrono Boost)  
  21  1:33  Nexus  
  21  1:39  Pylon  
  21  1:42  Probe (Chrono Boost)  
  22  1:49  Cybernetics Core  
  22  2:06  Zealot (Chrono Boost)  
  24  2:22  Probe  
  25  2:26  Warp Gate  
  25  2:31  Adept (Chrono Boost), Pylon  
  25  2:34  Probe  
  28  2:38  Assimilator  
  28  2:46  Probe  
  29  2:58  Adept (Chrono Boost)  
  31  3:08  Mothership Core  
  31  3:09  Probe  
  34  3:21  Probe  
  34  3:26  Gateway  
  35  3:28  Probe  
  35  3:29  Gateway  
  35  3:33  Probe  
  31  3:41  Probe  
  28  3:51  Zealot (Chrono Boost)  
  24  4:02  Mothership Core (Chrono Boost)  
  26  4:05  Probe (Chrono Boost)  
  37  4:17  Stalker x2  
  31  4:47  Probe x2 (Chrono Boost)  
  33  4:58  Pylon, Probe x2 (Chrono Boost)  
  35  5:00  Zealot  
  37  5:08  Pylon  
  37  5:09  Pylon  
  37  5:12  Twilight Council  
  37  5:14  Gateway  
  37  5:20  Gateway  
  37  5:27  Probe x2 (Chrono Boost)  
  39  5:35  Stalker  
  34  5:36  Stalker  
  34  5:50  Stalker  
  34  5:54  Probe x2 (Chrono Boost)  
  38  6:04  Pylon  
  38  6:11  Pylon  
  32  6:24  Stalker x2  
  34  6:39  Probe (Chrono Boost)  
  35  6:46  Probe (Chrono Boost)  
  36  6:55  Probe (Chrono Boost)  
  36  6:57  Probe (Chrono Boost)  
  38  7:10  Probe x2 (Chrono Boost)  
  40  7:22  Stalker x3  
  37  7:38  Stalker x2  
  37  7:39  Probe (Chrono Boost)  
  42  7:48  Probe (Chrono Boost)  
  42  7:50  Probe (Chrono Boost)  
  45  7:58  Probe (Chrono Boost)  
  45  8:02  Stalker  
  48  8:05  Probe (Chrono Boost)  
  48  8:09  Probe (Chrono Boost)  
  49  8:16  Probe (Chrono Boost)  
  49  8:19  Probe (Chrono Boost)  
  48  8:43  Probe x2 (Chrono Boost)  
  48  8:48  Stalker x3  
  52  8:54  Probe x2 (Chrono Boost)  
  58  9:04  Probe (Chrono Boost)  
  58  9:05  Probe (Chrono Boost)  
  60  9:15  Probe (Chrono Boost)  
  60  9:16  Probe (Chrono Boost)  
  62  9:25  Probe (Chrono Boost)  
  61  9:41  Stalker x4  
  59  9:49  Stalker  
  55  9:55  Assimilator  
  55  9:59  Assimilator  
Tags
 
League
GoldGold
Matchup
PvP
Replay Pack
All Mines
Spawn Locations
Cross Positions
Add a new tag
Caveats
  • Supply blocks, unpowered buildings, or Contaminate may cause inaccurate times.
  • Supply counts are checked every 10 seconds.